 Dungeon Crawl Stone Soup version 0.31-a0-521-gc7390f8997 (webtiles) character file.

Game seed: 6179516129219275505

44 innerfire43 the Insei (level 3, -7/28 HPs)
             Began as a Gnoll Shapeshifter on Aug 10, 2023.
             Was an Initiate of Ashenzari.
             Mangled by a gnoll
             ... wielding a +0 flail
              (11 damage)
             ... on level 2 of the Dungeon.
             The game lasted 00:02:19 (1440 turns).

innerfire43 the Insei (Gnoll Shapeshifter)          Turns: 1440, Time: 00:02:19

Health: -7/28      AC:  2    Str: 14    XL:     3   Next: 60%
Magic:  4/4        EV: 13    Int:  7    God:    Ashenzari [......]
Gold:   93         SH:  0    Dex: 14    Spells: 3/3 levels left

rFire   . .          .
                       - Unarmed
rCold   . . .        (shield currently unavailable)
rNeg    . . .        a - +0 animal skin
rPois   .            (no helmet)
rElec   .            (no cloak)
rCorr   .            (no gloves)
SInv    .            (no boots)
Will    +....        (no amulet)
Stlth   +            (no ring)
HPRegen 0.24/turn    (no ring)
MPRegen 0.09/turn

%: no passive effects
@: flux-form, enlightened, flying, glowing
A: glow, contaminating, fangs 1, strong nose, distributed training
a: Begin Untransformation, Renounce Religion, Curse Item


You were on level 2 of the Dungeon.
You worshipped Ashenzari.
Ashenzari was noncommittal.
You were something dangerously unstable.
You visited 1 branch of the dungeon, and saw 2 of its levels.

You collected 93 gold pieces.

Inventory:

Armour
 a - a +0 animal skin (worn)
Talismans
 c - a beast talisman
 d - a flux talisman (active)
 j - a maw talisman
Scrolls
 e - a scroll of immolation {unknown}
 h - 2 scrolls of teleportation {unknown}
Potions
 b - a potion of lignification
 k - a potion of mutation {unknown}


   Skills:
 + Level 2.6 Fighting
 + Level 0.9 Short Blades
 + Level 0.9 Long Blades
 + Level 0.9 Axes
 + Level 0.9 Maces & Flails
 + Level 0.9 Polearms
 + Level 0.9 Staves
 + Level 0.9 Ranged Weapons
 + Level 0.9 Throwing
 + Level 0.9 Armour
 + Level 4.5 Dodging
 + Level 0.9 Stealth
 + Level 0.9 Shields
 + Level 6.5 Unarmed Combat
 + Level 0.9 Spellcasting
 + Level 0.6 Conjurations
 + Level 0.6 Hexes
 + Level 0.6 Summonings
 + Level 0.6 Necromancy
 + Level 0.6 Translocations
 + Level 0.6 Transmutations
 + Level 0.6 Fire Magic
 + Level 0.6 Ice Magic
 + Level 0.6 Air Magic
 + Level 0.6 Earth Magic
 + Level 0.6 Poison Magic
 + Level 1.0 Invocations
 + Level 0.9 Evocations
 + Level 6.5 Shapeshifting


You had 3 spell levels left.
You didn't know any spells.
Your spell library contained the following spells:

 Spells                   Type           Power      Damage    Failure   Level
 Sublimation of Blood     Necr           1%         N/A       45%         2
 Petrify                  Tmut/Erth      1%         N/A       97%         4
 Irradiate                Conj/Tmut      0%         3d11      100%        5


Dungeon Overview and Level Annotations

Branches:
Dungeon (2/15)

Altars:
Ashenzari


Innate Abilities, Weirdness & Mutations

You are something dangerously unstable.
You glow with magical radiation, making you easy to see and hit.
Foes you strike become dangerously contaminated with magical radiation.
You are incapable of wielding weapons or throwing items.
You have very sharp teeth.
Your uncanny sense of smell can sniff out nearby items.
Your experience applies equally to all skills.


Message History

You hit the rat.
You kill the rat!
The rat bites you.
The gnoll hits you from afar with a +0 spear.
The quokka bites you.
You are too injured to fight recklessly!
There are monsters nearby!
You are too injured to fight recklessly!
There are monsters nearby!
You are too injured to fight recklessly!
It was a potion of cancellation.
You feel magically purged. The quokka closely misses you.
The rat closely misses you. The gnoll closely misses you.
It was a potion of enlightenment.
You feel very buoyant.
You fly up into the air.
The quokka closely misses you. The rat closely misses you.
The gnoll hits you from afar with a +0 spear!
* * * LOW HITPOINT WARNING * * *
It was a potion of heal wounds.
You feel much better. The quokka bites you. The rat barely misses you.
The gnoll misses you.
You hit the quokka but do no damage.
The quokka begins to glow.
You bite the quokka, but do no damage. The quokka misses you.
The rat misses you.
The gnoll hits you from afar with a +0 spear.
You hit the quokka.
The quokka glows dangerously bright.
The quokka is moderately wounded.
The rat stops glowing.
The quokka closely misses you. The rat closely misses you.
The gnoll hits you from afar with a +0 spear.
The gnoll misses you.
You hit the quokka but do no damage.
The quokka shudders as magic cascades through it.
The quokka twists and deforms.
The quokka is moderately wounded.
The quokka bites you. The quokka closely misses you. The rat barely misses you.
The gnoll hits you from afar with a +0 spear.
* * * LOW HITPOINT WARNING * * *
The gnoll hits you with a +0 flail!
You die...

...... .#.
......##..#
..........##
#..........##
#...........###
#......g..#...#
#.....gr.......
#.....rB..#
#.........#
#.........#
#.........#
#.........#
########.## #.#
#.# #.#


You could see 2 gnolls, a quokka (misshapen) and a rat.

Vanquished Creatures
  A gnoll (D:2)
  6 ball pythons
  3 endoplasms (D:1)
  2 giant cockroaches (D:1)
  A goblin (D:2)
  A hobgoblin (D:1)
  6 jackals (D:1)
  2 quokkas (D:1)
  3 bats (D:1)
  6 rats
31 creatures vanquished.

Notes
Turn   | Place    | Note
-------+----------+-------------------------------------------
     0 | D:1      | innerfire43 the Gnoll Shapeshifter began the quest for the
                  | Orb.
     0 | D:1      | Reached XP level 1. HP: 17/17 MP: 1/1
    83 | D:1      | Reached XP level 2. HP: 20/23 MP: 2/2
   719 | D:1      | Found a faded altar of an unknown god.
   781 | D:1      | Reached XP level 3. HP: 27/28 MP: 3/3
   887 | D:1      | Prayed at the altar of an unknown god.
   887 | D:1      | Became a worshipper of Ashenzari the Shackled
  1433 | D:2      | Reached skill level 1 in Invocations
  1440 | D:2      | Mangled by a gnoll

Illustrated notes

Levels and vault maps discovered:
D:1:      onia_arrival_pyramid, layout_basic,
          shapermc_ecumenical_altar_mp_vishouse, minmay_shallow_snake_nest
D:2:      layout_basic, uniq_terence

Skill      XL: |  1  2  3 |
---------------+----------+-----
Invocations    | 1 |  1.0
Fighting       | |  2.6
Short Blades   | |  0.9
Long Blades    | |  0.9
Axes           | |  0.9
Maces & Flails | |  0.9
Polearms       | |  0.9
Staves         | |  0.9
Ranged Weapons | |  0.9
Throwing       | |  0.9
Armour         | |  0.9
Dodging        | |  4.5
Stealth        | |  0.9
Shields        | |  0.9
Unarmed Combat | |  6.5
Spellcasting   | |  0.9
Conjurations   | |  0.6
Hexes          | |  0.6
Summonings     | |  0.6
Necromancy     | |  0.6
Translocations | |  0.6
Transmutations | |  0.6
Fire Magic     | |  0.6
Ice Magic      | |  0.6
Air Magic      | |  0.6
Earth Magic    | |  0.6
Poison Magic   | |  0.6
Evocations     | |  0.9
Shapeshifting  | |  6.5

Action                     || total
---------------------------++-------
  Melee: Unarmed           ||    92
         Bite              ||    12
    Use: Potion            ||     3
 Armour: Animal skin       ||    20
  Dodge: Dodged            ||    86
   Form: Flux              ||     1

Table legend: (Time is in decaauts)
 A = Elapsed time spent in this place.
 B = Non-inter-level travel time spent in this place.
 C = Inter-level travel time spent in this place.
 D = Time resting spent in this place.
 E = Time spent auto-exploring this place.
 F = Levels seen in this place.
 G = Mean time per level.
                   A        B        C        D        E       F      G
               +--------+--------+--------+--------+--------+-----+--------+
         Total |   1428 |   1123 |    305 |      0 |    947 |   2 |  714.0 |
       Dungeon |   1428 |   1123 |    305 |      0 |    947 |   2 |  714.0 |
               +--------+--------+--------+--------+--------+-----+--------+

Top non-repeatable levels by time:
     D:1: 1325 daAuts
     D:2: 103 daAuts
